 Dungeon Crawl Stone Soup version 0.27-a0-1154-gfdeffcb720 (webtiles) character file.

Game seed: 8926411307376337061

3 Vomitron the Skirmisher (level 1, -1/20 HPs)
             Began as a Hill Orc Monk on May 14, 2021.
             Slain by a goblin
             ... wielding a +0 dagger
              (4 damage)
             ... on level 1 of the Dungeon.
             The game lasted 00:00:19 (311 turns).

Vomitron the Skirmisher (Hill Orc Monk)              Turns: 311, Time: 00:00:21

Health: -1/20      AC:  2    Str: 13    XL:     1   Next: 50%
Magic:  1/1        EV: 12    Int: 16    God:
Gold:   0          SH:  0    Dex: 13    Spells: 0/0 levels left

rFire    . . .     SeeInvis .   a - +0 falchion
rCold    . . .     Faith    .   (no shield)
rNeg     . . .     Spirit   .   b - +0 robe
rPois    .         Reflect  .   (no helmet)
rElec    .         Harm     .   (no cloak)
rCorr    .         Rampage  .   (no gloves)
Will     .....                  (no boots)
Stlth    ++........             (no amulet)
HPRegen  0.06/turn              d - +6 ring of intelligence
MPRegen  0.07/turn              (no ring)

@: no status effects
A: no striking features
a: no special abilities


You were on level 1 of the Dungeon.
You visited 1 branch of the dungeon, and saw 1 of its levels.

Inventory:

Hand Weapons
 a - a +0 falchion (weapon)
Armour
 b - a +0 robe (worn)
Jewellery
 d - a +6 ring of intelligence (left hand)
Potions
 c - a potion of berserk rage {unknown}


   Skills:
 + Level 3.7 Fighting
 * Level 3.4 Long Blades
 + Level 0.2 Armour
 - Level 2.4 Dodging
 - Level 1.5 Stealth


You couldn't memorise any spells.
You didn't know any spells.
Your spell library was empty.

Dungeon Overview and Level Annotations

Branches:
Dungeon (1/15)

Altars:


Message History

The kobold hits you with a +0 short sword.
An endoplasm comes into view.
You closely miss the kobold.
The kobold is heavily wounded.
The endoplasm quivers.
The kobold closely misses you.
You riposte.
You hit the kobold.
The kobold is severely wounded.
You closely miss the kobold.
The kobold is severely wounded.
The endoplasm jiggles.
The kobold hits you with a +0 short sword.
You hit the kobold but do no damage.
The kobold is severely wounded.
The kobold barely misses you.
Unknown command.
The ball python bites you. The ball python grabs you.
The ball python constricts you.
The ball python's grasp on you weakens, but your attempt to escape fails.
The kobold closely misses you.
You riposte.
You barely miss the kobold.
The kobold is severely wounded.
The ball python bites you. The ball python constricts you.
You escape the ball python's grasp.
A kobold comes into view. It is wielding a +0 whip.
The kobold shouts!
The kobold closely misses you.
You riposte.
You closely miss the kobold. You hit the kobold but do no damage.
The goblin hits you with a +0 dagger. The kobold hits you with a +0 whip.
* * * LOW HITPOINT WARNING * * *
You hit the kobold.
The kobold is severely wounded.
The goblin hits you but does no damage. The kobold barely misses you.
You riposte.
You hit the kobold but do no damage.
The kobold is severely wounded.
You closely miss the kobold.
The kobold is severely wounded.
The goblin closely misses you. The kobold barely misses you.
You riposte.
You hit the kobold.
You kill the kobold!
The goblin hits you with a +0 dagger.
You die...

...........##.....≈≈≈≈
.........?........≈8≈≈
............#.....≈≈8≈
.........#........≈≈≈#
.........#........≈≈≈#
..................≈≈≈#
.#######..#.......≈≈≈#
######KJ.........≈≈8≈
#..)@gS###.......≈8≈≈
#....######
#...(...≈≈≈≈ ...
#........... #
#####.#.#... #.#.####
#.....## ###.#.##
#...## ##. .


You could see an endoplasm, a goblin, a ball python and a kobold.

Vanquished Creatures
  2 jackals (D:1)
  A kobold (D:1)
  A rat (D:1)
4 creatures vanquished.

Notes
Turn   | Place    | Note
-------+----------+-------------------------------------------
     0 | D:1      | Vomitron the Hill Orc Monk began the quest for the Orb.
     0 | D:1      | Reached XP level 1. HP: 19/19 MP: 1/1
   311 | D:1      | Slain by a goblin

Illustrated notes

Levels and vault maps discovered:
D:1:      lightli_arrival_boilingwater, layout_rooms,
          hellmonk_ecumenical_altar_run_dry, serial_shops, nicolae_shop_stone

Action                   || total
-------------------------++-------
Melee: Falchion          ||    18
Armor: Robe              ||     3
Dodge: Dodged            ||    16
       Rpst.: Falchion   ||     8

Table legend: (Time is in decaauts)
 A = Elapsed time spent in this place.
 B = Non-inter-level travel time spent in this place.
 C = Inter-level travel time spent in this place.
 D = Time resting spent in this place.
 E = Time spent auto-exploring this place.
 F = Levels seen in this place.
 G = Mean time per level.
                   A        B        C        D        E       F      G
               +--------+--------+--------+--------+--------+-----+--------+
         Total |    314 |    314 |      0 |    242 |     29 |   1 |  314.0 |
       Dungeon |    314 |    314 |      0 |    242 |     29 |   1 |  314.0 |
               +--------+--------+--------+--------+--------+-----+--------+

Top non-repeatable levels by time:
     D:1: 314 daAuts
